AoeStats
← 739697286

Arena

510058490Analyzed
1v1 RM · 5d ago on Sep 29, 2026· 45m 26s· 2 players
Game mode
Random Map
Map size
Tiny (2 player)
Population
200
Speed
Normal
Resources
Standard
Victory
Conquest
Starting age
Dark Age
Ending age
Imperial Age
RankedLock teamsTeams togetherTeam positionsShared explorationLock speedFull tech treeHidden civsTurbo modeCheats
Victory
Defeat
🇨🇳 Poles · China
1278
+17
🇨🇳 Burgundians · China
1295
-17
739697286
6:12 Loom
9:08 Feudal Age
9:45 Double-Bit Axe
10:49 Horse Collar
14:08 Fletching
23:32 Gold Mining
25:50 Castle Age
24:12 Stone Mining
26:26 Gold Mining
29:38 Bow Saw
30:07 Wheelbarrow
29:41 Heavy Plow
29:52 Scale Barding Armor
29:57 Forging
29:26 Pikeman
30:39 Szlachta Privileges
35:08 Imperial Age
33:43 Squires
34:27 Scale Mail Armor
36:48 Crop Rotation
KenChan
7:16 Loom
11:14 Feudal Age
14:55 Fletching
15:42 Town Watch
19:53 Castle Age
20:15 Light Cavalry
Connection lost

Rejoining the realm…

Still unreachable

The connection could not be restored.

Session expired

The server has moved on; the page needs a fresh start.